 Dungeon Crawl Stone Soup version 0.18-b1-10-g3f7de93 (webtiles) character file.

15918 Alarkh the Cruncher (level 12, -3/85 HPs)
             Began as a Mummy Necromancer on Apr 30, 2016.
             Was an Initiate of Gozag.
             Slain by an eight-headed hydra (10 damage)
             ... on level 3 of the Lair of Beasts.
             The game lasted 00:32:19 (14458 turns).

Alarkh the Cruncher (Mummy Necromancer)            Turns: 14458, Time: 00:32:20

Health: -3/85      AC:  8    Str: 10    XL:     12   Next: 5%
Magic:  29/29      EV: 19    Int: 20    God:    Gozag
Gold:   898        SH:  5    Dex: 13    Spells: 3 memorised, 13 levels left

rFire  x . .     SeeInvis .     b - +1 dagger (venom)
rCold  + . .     Gourm    .     z - +1 robe {MR+}
rNeg   + + +     Faith    .     j - +0 buckler
rPois  ∞         Spirit   .     q - +0 helmet
rElec  .         Dismiss  .     v - +0 cloak
rCorr  .         Reflect  .     l - +2 pair of gloves
SustAt .         Harm     .     (no boots)
MR     ++...                    (no amulet)
Stlth  ++........               m - +5 ring of evasion
                                t - ring of magical power

@: studying Shields, very resistant to hostile enchantments, unstealthy
A: no food or potions, fire vulnerability, cold resistance 1, negative energy
resistance 3, torment resistance, unbreathing
a: Potion Petition, Call Merchant, Bribe Branch, Renounce Religion


You were on level 3 of the Lair of Beasts.
You worshipped Gozag.
Gozag was noncommittal.
You were not hungry.

You visited 3 branches of the dungeon, and saw 14 of its levels.

You collected 2705 gold pieces.
You paid 1767 gold pieces to Gozag.

Inventory:

Hand Weapons
 b - a +1 dagger of venom (weapon)
 r - a +0 spear
Armour
 j - a +0 buckler (worn)
 l - a +2 pair of gloves (worn)
 q - a +0 helmet (worn)
 v - a +0 cloak (worn)
 z - a +1 robe of magic resistance (worn)
Magical Staves
 a - an uncursed staff of earth
 J - an uncursed staff of cold
Jewellery
 g - an uncursed ring of sustain attributes
 m - a +5 ring of evasion (right hand)
 t - a ring of magical power (left hand)
 A - a +3 ring of strength
 I - an uncursed ring of ice
Wands
 d - a wand of slowing (30/48)
 w - a wand of paralysis (14/24)
 y - a wand of slowing (33/48)
 E - a wand of random effects (29/48)
 F - a wand of acid (6/15)
 H - a wand of digging (3/24)
 K - a wand of confusion (38/48)
Scrolls
 c - 4 scrolls of teleportation
 e - a scroll of silence
 f - 2 scrolls of noise
 h - 2 scrolls of recharging
 i - 2 scrolls of fear
 k - 12 scrolls of remove curse
 n - 2 scrolls of magic mapping
 s - a scroll of blinking
 u - 3 scrolls of enchant weapon
 x - 2 scrolls of vulnerability
 B - a scroll of brand weapon
 D - a scroll of torment
 L - a scroll of identify
Books
 o - a book of Necromancy

   Spells                             Type                      Level
   a - Pain                           Necromancy                   1
   b - Animate Skeleton               Necromancy                   1
   c - Vampiric Draining              Necromancy                   3
   d - Regeneration                   Charms/Necromancy            3
   e - Animate Dead                   Necromancy                   4
   f - Control Undead                 Necromancy                   4
 p - a book of Beasts

   Spells                             Type                      Level
   a - Summon Butterflies             Summoning                    1
   b - Call Canine Familiar           Summoning                    3
   c - Summon Ice Beast               Ice/Summoning                4
   d - Summon Mana Viper              Hexes/Summoning              5
   e - Summon Hydra                   Summoning                    7
 G - a manual of Shields
Miscellaneous
 C - a plain deck of wonders {drawn: 2}


   Skills:
 + Level 4.8 Fighting
 - Level 12.0 Staves
 + Level 4.5 Dodging
 - Level 1.5 Stealth
 + Level 6.0 Shields
 - Level 5.3 Spellcasting
 - Level 7.0 Necromancy
 * Level 5.3 Evocations


You had 13 spell levels left.
You knew the following spells:

 Your Spells              Type           Power        Failure   Level  Hunger
a - Pain                  Necr           ####         1%          1    N/A
b - Vampiric Draining     Necr           ####......   1%          3    N/A
c - Control Undead        Necr           ####......   10%         4    N/A

Dungeon Overview and Level Annotations

Branches:
Dungeon (10/15)            Temple (1/1) D:5            Lair (3/8) D:10
  Swamp: Lair:3-6    Shoals: Lair:3-6     Snake: Lair:3-6    Spider: Lair:3-6
    Orc: D:9-12

Altars:
Ashenzari
Cheibriados
Dithmenos
Elyvilon
Fedhas
Gozag
Kikubaaqudgha
Makhleb
Nemelex Xobeh
Okawaru
Pakellas
Qazlal
Ru
Sif Muna
Trog
Vehumet
Xom
Yredelemnul
Zin
The Shining One

Shops:
D:4 *   D:6 [   Lair:1 :[

Annotations:
D:8 Erolcha, Joseph


Innate Abilities, Weirdness & Mutations

You do not eat or drink.
Your flesh is vulnerable to fire.
You are immune to poison.
Your flesh is cold resistant.
You are immune to negative energy.
You are immune to unholy pain and torment.
You can survive without breathing.


Message History

Magic restored.
You start resting.
An eight-headed hydra is nearby!
Evoke which item? (* to show all) (? for menu, Esc to quit)
You draw a card...
It is Focus.
This is a plain deck of wonders {drawn: 2}.
You feel clever.
You feel weaker. The eight-headed hydra bites you!
The eight-headed hydra bites you.
* * * LOW HITPOINT WARNING * * *
The eight-headed hydra bites you.
* * * LOW HITPOINT WARNING * * *
You block the eight-headed hydra's attack.
The eight-headed hydra bites you.
* * * LOW HITPOINT WARNING * * *
The eight-headed hydra bites you!
* * * LOW HITPOINT WARNING * * *
The eight-headed hydra bites you!
You die...
Your body crumbles into a pile of gold.

#
............#
..
....!.......#
..
............#
..
............#
#.
............#
#
............#
............#
.....)...D.#
..(......@.#
...........#
...........#
...........#
...........#
...........#
...........#
...........#
...........#


You could see an eight-headed hydra.

Vanquished Creatures
  Pikel (D:4)
  A wizard (D:9)
  A black mamba (Lair:1)
  6 spiny frogs
  A komodo dragon (D:9)
  A queen bee (Lair:2)
  3 blink frogs (Lair:2)
  27 yaks
  A wyvern (D:8)
  2 basilisks
  2 hippogriffs
  A mottled dragon (D:10)
  6 water moccasins
  Duvessa (D:6)
  4 porcupines
  2 ice beasts
  2 sky beasts
  2 necrophages
  3 ogres
  3 orc warriors
  2 phantoms (D:7)
  2 black bears
  5 centaurs
  3 wolves (Lair:3)
  8 crocodiles
  A big kobold (D:8)
  7 giant frogs
  Dowan (D:6)
  A wyvern skeleton (D:8)
  A scorpion (D:4)
  31 killer bees
  3 crimson imps
  2 hounds
  4 jellies
  2 quasits
  2 centaur skeletons
  6 orc priests (D:9)
  2 iguanas
  4 orc wizards
  4 worker ants
  A worker ant zombie (D:5)
  10 adders
  4 gnolls (D:2)
  A howler monkey skeleton (D:10)
  17 river rats
  2 shadow imps
  An ooze (D:1)
  5 worms
  27 orcs
  18 bats
  3 giant cockroaches
  11 goblins
  2 hobgoblins (D:3)
  6 jackals
  4 quokkas
  3 ball pythons
  2 giant newts
  12 kobolds
  13 rats
303 creatures vanquished.

Vanquished Creatures (others)
  The ghost of Elvalys the Covert, an amateur SpAs of Dithmenos (D:5)
  A slave (D:8)
  A human (D:6)
  2 shadow imps (D:5)
  A giant newt (D:5)
  5 fungi
  2 plants
13 creatures vanquished.

Grand Total: 316 creatures vanquished

Notes
Turn   | Place    | Note
--------------------------------------------------------------
     0 | D:1      | Alarkh the Mummy Necromancer began the quest for the Orb.
     0 | D:1      | Reached XP level 1. HP: 13/13 MP: 3/3
   115 | D:1      | Reached XP level 2. HP: 3/19 MP: 0/5
   933 | D:2      | Found an ancient bone altar of Kikubaaqudgha.
  1413 | D:2      | Reached XP level 3. HP: 16/24 MP: 0/7
  1418 | D:2      | Learned a level 3 spell: Vampiric Draining
  1858 | D:2      | Reached XP level 4. HP: 23/30 MP: 4/8
  1894 | D:2      | Found a burning altar of Makhleb.
  2201 | D:3      | Reached skill level 5 in Necromancy
  2221 | D:3      | Found a glowing golden altar of the Shining One.
  2293 | D:3      | Noticed an ice beast
  2330 | D:3      | Killed an ice beast
  2330 | D:3      | Reached XP level 5. HP: 21/35 MP: 0/11
  2456 | D:3      | Found a shattered altar of Ashenzari.
  2549 | D:3      | Learned a level 4 spell: Control Undead
  2713 | D:3      | Found a basalt altar of Yredelemnul.
  2924 | D:3      | Found an opulent altar of Gozag.
  2924 | D:3      | Found a blossoming altar of Fedhas.
  2937 | D:3      | Became a worshipper of Gozag Ym Sagoz the Greedy
  3074 | D:3      | Reached XP level 6. HP: 31/41 MP: 12/12
  3294 | D:4      | Found Owked's Elemental Accessories.
  3825 | D:5      | Entered Level 5 of the Dungeon
  3834 | D:5      | Noticed a sky beast
  3841 | D:5      | Killed a sky beast
  3841 | D:5      | Reached skill level 5 in Spellcasting
  3841 | D:5      | Reached XP level 7. HP: 46/46 MP: 12/14
  3849 | D:5      | Found a staircase to the Ecumenical Temple.
  3858 | Temple   | Entered the Ecumenical Temple
  4145 | D:5      | Noticed Pikel
  4193 | D:4      | Killed Pikel
  4193 | D:4      | Reached skill level 4 in Staves
  4193 | D:4      | Reached XP level 8. HP: 31/52 MP: 5/16
  4299 | D:5      | Found a shadowy altar of Dithmenos.
  4341 | D:5      | Found an oddly glowing altar of Pakellas.
  4517 | D:5      | Reached skill level 5 in Staves
  4653 | D:5      | Noticed Elvalys's ghost (amateur SpAs)
  5133 | D:6      | Found Eggilla's Antique Armour Boutique.
  5147 | D:6      | Reached skill level 6 in Staves
  5322 | D:6      | Found an ancient bone altar of Kikubaaqudgha.
  5421 | D:6      | Noticed Duvessa
  5421 | D:6      | Noticed Dowan
  5435 | D:6      | Killed Duvessa
  5446 | D:6      | Killed Dowan
  5595 | D:5      | Killed Elvalys's ghost
  5881 | D:7      | Reached skill level 7 in Staves
  5955 | D:7      | Found a sparkling altar of Nemelex Xobeh.
  6205 | D:7      | Reached XP level 9. HP: 36/57 MP: 17/17
  6956 | D:8      | Noticed Erolcha
  7025 | D:7      | Reached skill level 8 in Staves
  7041 | D:8      | Found a radiant altar of Vehumet.
  7331 | D:8      | Noticed Joseph
  7716 | D:9      | Found a deep blue altar of Sif Muna.
  7789 | D:9      | Reached skill level 9 in Staves
  7812 | D:9      | Noticed a komodo dragon
  7847 | D:9      | Killed a komodo dragon
  8330 | D:9      | Reached skill level 10 in Staves
  8406 | D:9      | Reached XP level 10. HP: 29/63 MP: 0/18
  8808 | D:9      | Noticed a wizard
  8874 | D:9      | Killed a wizard
  8922 | D:9      | Noticed a hill giant
  8974 | D:10     | Entered Level 10 of the Dungeon
  9367 | D:10     | Reached skill level 11 in Staves
  9629 | D:10     | Found a staircase to the Lair.
  9719 | Lair:1   | Entered Level 1 of the Lair of Beasts
  9933 | Lair:1   | Noticed a spiny frog
  9944 | Lair:1   | Killed a spiny frog
 10018 | Lair:1   | Noticed a spiny frog
 10029 | Lair:1   | Killed a spiny frog
 10148 | Lair:1   | Reached skill level 1 in Shields
 10173 | Lair:1   | Reached skill level 1 in Fighting
 10445 | Lair:1   | Reached skill level 1 in Evocations
 10514 | Lair:1   | Reached XP level 11. HP: 45/71 MP: 12/19
 10634 | Lair:1   | Reached skill level 12 in Staves
 11689 | Lair:1   | Noticed a six-headed hydra
 12671 | Lair:3   | Noticed an eight-headed hydra
 13240 | Lair:2   | Reached skill level 5 in Shields
 13548 | Lair:2   | Reached skill level 5 in Evocations
 13751 | Lair:2   | Reached XP level 12. HP: 49/84 MP: 8/20
 14317 | Lair:3   | Noticed an eight-headed hydra
 14444 | Lair:3   | Drew Focus: Int increased to 20, Str decreased to 10
 14458 | Lair:3   | Slain by an eight-headed hydra

Skill      XL: |  1  2  3  4  5  6  7  8  9 10 11 12 |
---------------+-------------------------------------+-----
Spellcasting   | 3 4 5 |  5.3
Necromancy     | 5 6 7 |  7.0
Staves         | 4 7 10 11 12 | 12.0
Dodging        | 2 4 |  4.5
Shields        | 1 5 6 |  6.0
Fighting       | 1 4 |  4.8
Evocations     | 1 5 |  5.3
Stealth        | |  1.5

Action                   |  1- 3 |  4- 6 |  7- 9 | 10-12 || total
-------------------------+-------+-------+-------+-------++-------
Melee: Dagger            |    17 |    55 |   217 |   596 ||   885
       Spear             |     5 |    57 |   146 |       ||   208
       Staff             |       |       |    17 |       ||    17
 Cast: Pain              |    64 |   121 |   169 |   168 ||   522
       Vampiric Draining |       |       |    31 |   197 ||   228
Invok: Call Merchant     |       |       |       |     2 ||     2
Evoke: Deck              |       |       |       |     2 ||     2
       Wand              |       |       |       |     2 ||     2
  Use: Scroll            |     3 |     3 |     3 |     7 ||    16
 Stab: Sleeping          |     1 |     1 |       |     2 ||     4
       Distracted        |       |       |     1 |     2 ||     3
Armor: Robe              |     8 |    21 |   123 |   169 ||   321
Dodge: Dodged            |    22 |   112 |   379 |   796 ||  1309
Block: Buckler           |       |    15 |    88 |   211 ||   314
